 Dungeon Crawl Stone Soup version 0.24.0-1-gfbc8707122 (webtiles) character file.

Game seed: 8194568437384946439, levelgen mode: deterministic

28 Froggeryz the Vexing (level 3, 0/31 HPs)
             Began as a Deep Dwarf Arcane Marksman on Oct 28, 2019.
             Slain by a hobgoblin
             ... wielding a +0 club
              (3 damage)
             ... on level 2 of the Dungeon.
             The game lasted 00:02:46 (751 turns).

Froggeryz the Vexing (Deep Dwarf Arcane Marksman)    Turns: 751, Time: 00:02:47

Health: 0/31       AC:  2    Str: 14    XL:     3   Next: 0%
Magic:  4/4        EV: 13    Int: 13    God:
Gold:   49         SH:  0    Dex: 13    Spells: 3/4 levels left

rFire    . . .     SeeInvis .   j - +0 hand axe (curse)
rCold    . . .     Gourm    .   (no shield)
rNeg     . . .     Faith    .   a - +0 robe
rPois    .         Spirit   .   (no helmet)
rElec    .         Reflect  .   (no cloak)
rCorr    .         Harm     .   (no gloves)
MR       .....                  (no boots)
Stlth    +.........             (no amulet)
HPRegen  0.00/turn              (no ring)
MPRegen  0.09/turn              (no ring)

@: non-regenerating
A: damage resistance, heal wounds, sense surroundings 1, no regeneration
a: Heal Wounds


You were on level 2 of the Dungeon.
You were not hungry.

You visited 1 branch of the dungeon, and saw 2 of its levels.

You collected 49 gold pieces.

Inventory:

Hand Weapons
 i - a +0 short sword
 j - a cursed +0 hand axe (weapon)
Missiles
 c - 5 javelins (quivered)
 d - 2 throwing nets
Armour
 a - a +0 robe (worn)
Scrolls
 b - a scroll of amnesia {unknown}
 k - a scroll of random uselessness {unknown}
 l - a scroll of remove curse {unknown}
 m - a scroll of identify {unknown}
 n - 3 scrolls of enchant weapon {unknown}
 o - a scroll of teleportation {unknown}
Potions
 e - a potion of resistance {unknown}
 g - a potion of brilliance {unknown}
 h - a potion of degeneration {unknown}
 p - a potion of curing {unknown}
Comestibles
 f - 4 rations


   Skills:
 - Level 1.2 Fighting
 * Level 1.6 Axes
 - Level 2.0 Throwing
 - Level 2.4 Dodging
 - Level 1.2 Spellcasting
 - Level 2.5 Hexes


You had 3 spell levels left.
You knew the following spells:

 Your Spells              Type           Power        Failure   Level  Hunger
a - Corona                Hex            #......      10%         1    ##.....

Your spell library contained the following spells:

 Spells                   Type           Power        Failure   Level  Hunger
 Slow                     Hex            #.......     14%         2    ###....
 Inner Flame              Hex/Fire       #.......     43%         3    ####...
 Portal Projectile        Hex/Tloc       #.....       43%         3    ####...
 Cause Fear               Hex            #.........   67%         4    #####..
 Leda's Liquefaction      Hex/Erth       #.........   85%         4    #####..


Dungeon Overview and Level Annotations

Branches:
Dungeon (2/15)

Altars:


Innate Abilities, Weirdness & Mutations

You are resistant to damage.
You can heal yourself by infusing magical energy.
You passively map a small area around you.
You do not regenerate.


Message History

* * * LOW HITPOINT WARNING * * *
You hit the quokka but do no damage. The quokka closely misses you. x2
You closely miss the quokka. The quokka bites you.
* * * LOW HITPOINT WARNING * * *
You closely miss the quokka. You barely miss the hobgoblin.
The quokka bites you.
* * * LOW HITPOINT WARNING * * *
The hobgoblin closely misses you.
You hit the hobgoblin.
The hobgoblin is heavily wounded.
You hit the quokka. The quokka barely misses you.
The hobgoblin hits you with a +0 club.
* * * LOW HITPOINT WARNING * * *
The quokka bites you.
* * * LOW HITPOINT WARNING * * *
You hit the hobgoblin but do no damage.
The hobgoblin is heavily wounded.
You hit the quokka. The quokka bites you.
The hobgoblin hits you with a +0 club.
You die...

* , , * ,
, * , * ,
# *, , *
,, .##, ,
,,,*#..# ,
, ,###r..#
, ,###.@g#
*,#...###,
* , ***
#.###, ,
#+# * , ,
, , ,,,,
** ,** ,**
, * , ***
* , ,


You could see a quokka and a hobgoblin.

Vanquished Creatures
  A dart slug (D:1)
  A leopard gecko (D:1)
  5 hobgoblins (D:1)
  4 jackals (D:1)
  2 bats (D:1)
  2 frilled lizards (D:1)
  3 goblins (D:1)
  A kobold (D:1)
  5 rats (D:1)
24 creatures vanquished.

Notes
Turn   | Place    | Note
-------+----------+-------------------------------------------
     0 | D:1      | Froggeryz the Deep Dwarf Arcane Marksman began the quest
                  | for the Orb.
     0 | D:1      | Reached XP level 1. HP: 16/16 MP: 2/2
   167 | D:1      | Reached skill level 1 in Fighting
   248 | D:1      | Reached XP level 2. HP: 9/25 MP: 3/3
   487 | D:1      | Reached skill level 1 in Axes
   710 | D:1      | Reached XP level 3. HP: 11/31 MP: 4/4
   751 | D:2      | Slain by a hobgoblin

Levels and vault maps discovered:
D:1:      minmay_arrival_hallway, layout_basic
D:2:      minmay_razor_zed, layout_basic, uniq_robin, uniq_sigmund

Skill      XL: |  1  2 |
---------------+-------+-----
Fighting       | 1 |  1.2
Throwing       | 2 |  2.0
Axes           | 1 |  1.6
Dodging        | |  2.4
Spellcasting   | |  1.2
Hexes          | |  2.5

Action                   || total
-------------------------++-------
Melee: Unarmed           ||    48
       Hand axe          ||    40
       Short sword       ||     6
Throw: Javelin           ||     5
 Abil: Heal Wounds       ||     1
 Stab: Distracted        ||     1
Armor: Robe              ||    17
Dodge: Dodged            ||    64
